 Dungeon Crawl Stone Soup version 0.29.0-4-gdea44cf6ec (webtiles) character file.

Game seed: 17787388223690077550

878 qw the Cleaver (level 8, -1/50 HPs)
             Began as a Tengu Warper on Aug 28, 2022.
             Engulfed by a steam dragon's steam (6 damage)
             ... on level 5 of the Dungeon.
             The game lasted 00:00:32 (5812 turns).

qw the Cleaver (Tengu Warper)                       Turns: 5812, Time: 00:00:32

Health: -1/50      AC: 12    Str: 13    XL:     8   Next: 4%
Magic:  12/12      EV:  7    Int: 15    God:
Gold:   176        SH:  0    Dex: 13    Spells: 11/11 levels left

rFire   . . .      SeeInvis .   Y - +0 hand axe (flame)
rCold   . . .      Faith    .   (no shield)
rNeg    . . .      Spirit   .   o - +0 chain mail
rPois   .          Reflect  .   (helmet restricted)
rElec   .          Harm     .   h - +2 cloak
rCorr   .          Rampage  .   (no gloves)
Will    .....                   (boots unavailable)
Stlth   ..........              j - amulet of the acrobat
HPRegen 0.16/turn               (no ring)
MPRegen 0.13/turn               (no ring)

@: lethally poisoned (-1 -> -5), about to teleport, flying quickly and
evasively, quick
A: beak, talons 3, nimble flight, mutation resistance 1, robust 1
a: no special abilities


You were on level 5 of the Dungeon.
You visited 1 branch of the dungeon, and saw 5 of its levels.

You collected 176 gold pieces.


Innate Abilities, Weirdness & Mutations

You have a beak for a mouth.
You have claws for feet.
Your magical nature lets you fly swiftly and evasively.
You are somewhat resistant to further mutation.
You are robust. (+10% HP)


   Skills:
 - Level 3.1 Fighting
 + Level 8.9 Axes
 - Level 1.0 Throwing
 - Level 3.5 Armour
 - Level 2.1 Dodging
 - Level 2.0 Spellcasting
 - Level 2.4 Translocations


You had 11 spell levels left.
You didn't know any spells.
Your spell library contained the following spells:

 Spells                   Type           Power      Damage    Failure   Level
 Blink                    Tloc           16%        N/A       98%         2
 Gell's Gravitas          Tloc           8%         N/A       100%        3
 Lesser Beckoning         Tloc           8%         N/A       100%        3
 Teleport Other           Tloc           8%         N/A       100%        3
 Manifold Assault         Tloc           8%         N/A       100%        5

Inventory:

Hand Weapons
 Y - a +0 hand axe of flaming (weapon)
Armour
 h - a +2 cloak (worn)
 n - a +1 ring mail of fire resistance
 o - a +0 chain mail (worn)
Jewellery
 j - an amulet of the acrobat (around neck)
Scrolls
 c - 4 scrolls of teleportation
Potions
 a - a potion of degeneration {unknown}
 d - a potion of resistance {unknown}
 e - 3 potions of curing
 f - 2 potions of mutation
 i - 4 potions of heal wounds

Dungeon Overview and Level Annotations

Branches:
Dungeon (5/15)
 Temple: D:4-7

Altars:
Fedhas

Annotations:
D:2 1 runed translucent door, Crazy Yiuf


Message History

You claw the steam dragon, but do no damage.
You peck the steam dragon, but do no damage.
The steam dragon is lightly wounded.
The steam dragon bites you but does no damage.
The steam dragon claws you but does no damage.
You hit the steam dragon. You burn the steam dragon.
The steam dragon is moderately wounded.
You barely miss the scorpion. The steam dragon breathes steam at you.
The ball of steam hits you! The scorpion stings you.
You are poisoned.
The scorpion poisons you!
You hear a bark!
You closely miss the steam dragon.
The steam dragon is moderately wounded.
You hit the scorpion. You burn the scorpion.
You are engulfed in a cloud of scalding steam.
You feel sick.
The scorpion stings you but does no damage.
You hit the scorpion but do no damage. Your kick misses the scorpion.
The scorpion is heavily wounded.
You barely miss the steam dragon.
You are engulfed in a cloud of scalding steam.
You feel sick. The steam dragon breathes steam at you.
The ball of steam hits you!
The scorpion stings you but does no damage.
You hear a bark!
You closely miss the scorpion. Your kick misses the scorpion.
Your peck misses the scorpion.
The scorpion is heavily wounded.
You hit the steam dragon but do no damage.
You are engulfed in a cloud of scalding steam.
You feel sick. The steam dragon bites you!
The steam dragon claws you but does no damage.
5812 ||| READING 5 scrolls of teleportation.
As you read the scroll of teleportation, it crumbles to dust.
You feel strangely unstable.
You are engulfed in a cloud of scalding steam.
You die...

...# ...## ...## .
....###..
#........
#.......#
#.......#
##s......#
#@...###..
####D..##
#.D######.......#
#..¤¤.......##...#
####.#####....#
##.# ###..##
##..## #..
......## ##)## ...
.###...######...#
.. ##
##...........##


You could see a steam dragon (catching breath) and a scorpion.

Vanquished Creatures
  Prince Ribbit (D:5)
  A black bear (D:5)
  2 ogres (D:4)
  A scorpion (D:4)
  A howler monkey (D:4)
  2 orc priests (D:4)
  Natasha (thrice) (D:2)
  2 orc wizards (D:4)
  2 adders
  4 worms
  2 dart slugs (D:2)
  14 orcs
  6 bats
  6 endoplasms
  5 giant cockroaches
  8 goblins
  9 hobgoblins
  6 jackals
  7 kobolds
  6 quokkas
  5 ball pythons
  2 frilled lizards (D:2)
  6 rats
101 creatures vanquished.

Notes
Turn   | Place    | Note
-------+----------+-------------------------------------------
     0 | D:1      | qw the Tengu Warper began the quest for the Orb.
     0 | D:1      | Reached XP level 1. HP: 12/12 MP: 4/4
     0 | D:1      | 0 ||| qw: Version: 0.1-a-89-g26bdef1
     0 | D:1      | 0 ||| qw: Game counter: 3287
     0 | D:1      | 0 ||| qw: Always use a shield: true
     0 | D:1      | 0 ||| qw: God list: Okawaru
     0 | D:1      | 0 ||| qw: Allow faded altars: false
     0 | D:1      | 0 ||| qw: Do Orc after D:15 true
     0 | D:1      | 0 ||| qw: Do second Lair branch before Depths: true
     0 | D:1      | 0 ||| qw: Lair rune preference: random
     0 | D:1      | 0 ||| qw: Plans: Normal
     0 | D:1      | 0 ||| PLANNING D:1-11
   107 | D:1      | Reached XP level 2. HP: 17/17 MP: 6/6
   124 | D:1      | Reached skill level 3 in Axes
   202 | D:1      | 202 ||| DROPPING +0 club.
   546 | D:1      | Reached XP level 3. HP: 21/21 MP: 7/7
   599 | D:1      | 599 ||| Stepping ~*~*~tactically~*~*~ (stealth).
   961 | D:1      | Reached skill level 4 in Axes
  1154 | D:1      | 1154 ||| DROPPING orb of mayhem.
  1155 | D:1      | 1155 ||| READING scroll labelled YLIACY HONWISE.
  1158 | D:1      | 1158 ||| READING 2 scrolls labelled EDIPAR ZUQOD.
  1159 | D:1      | 1159 ||| READING scroll labelled WUYXZYMM ZOEPAOTI.
  1160 | D:1      | 1160 ||| READING scroll labelled ITAGIANENU.
  1161 | D:1      | 1161 ||| READING 2 scrolls labelled ANTEYCL GEMNEY.
  1162 | D:1      | 1162 ||| READING scroll labelled YMYRUM RATASH.
  1163 | D:1      | 1163 ||| DRINKING 2 bubbling yellow potions.
  1163 | D:1      | Gained mutation: You are robust. (+10% HP) [potion of
                  | mutation]
  1163 | D:1      | Gained mutation: You are somewhat resistant to further
                  | mutation. [potion of mutation]
  1189 | D:1      | 1189 ||| DROPPING scroll of blinking.
  1190 | D:1      | 1190 ||| DROPPING scroll of fog.
  1258 | D:2      | Noticed Natasha
  1259 | D:2      | 1259 ||| Stepping ~*~*~tactically~*~*~ (hiding).
  1361 | D:2      | 1361 ||| Stepping ~*~*~tactically~*~*~ (hiding).
  1463 | D:2      | 1463 ||| Stepping ~*~*~tactically~*~*~ (hiding).
  1473 | D:2      | HP: 5/23 [Natasha (4)]
  1474 | D:2      | Killed Natasha
  1475 | D:2      | Reached XP level 4. HP: 6/28 MP: 8/8
  1503 | D:2      | 1503 ||| FLEEEEING.
  1758 | D:2      | 1758 ||| Stepping ~*~*~tactically~*~*~ (stealth).
  1771 | D:2      | Found a runed translucent door.
  1772 | D:2      | Noticed Crazy Yiuf
  1843 | D:2      | 1843 ||| Stepping ~*~*~tactically~*~*~ (hiding).
  1968 | D:2      | Noticed Natasha
  1969 | D:2      | 1969 ||| Stepping ~*~*~tactically~*~*~ (stealth).
  1970 | D:2      | 1970 ||| Stepping ~*~*~tactically~*~*~ (stealth).
  1972 | D:2      | 1972 ||| Stepping ~*~*~tactically~*~*~ (stealth).
  1974 | D:2      | 1974 ||| Stepping ~*~*~tactically~*~*~ (hiding).
  1978 | D:2      | Killed Natasha
  1979 | D:2      | Reached skill level 5 in Axes
  2388 | D:2      | 2388 ||| Stepping ~*~*~tactically~*~*~ (stealth).
  2390 | D:2      | 2390 ||| Stepping ~*~*~tactically~*~*~ (stealth).
  2422 | D:2      | Noticed Natasha
  2423 | D:2      | 2423 ||| Stepping ~*~*~tactically~*~*~ (hiding).
  2437 | D:2      | Killed Natasha
  2438 | D:2      | Gained mutation: Your magical nature lets you fly swiftly
                  | and evasively. [Tengu growth]
  2438 | D:2      | Reached XP level 5. HP: 14/33 MP: 9/9
  2823 | D:2      | 2823 ||| UPGRADING to amulet of the acrobat.
  2828 | D:2      | 2828 ||| READING scroll labelled YRPHAU BOPLAULY.
  2829 | D:2      | 2829 ||| DRINKING 2 ruby potions.
  2830 | D:2      | 2830 ||| DROPPING potion of magic.
  2986 | D:3      | 2986 ||| Stepping ~*~*~tactically~*~*~ (stealth).
  2987 | D:3      | 2987 ||| Stepping ~*~*~tactically~*~*~ (stealth).
  3002 | D:3      | 3002 ||| FLEEEEING.
  3003 | D:3      | 3003 ||| FLEEEEING.
  3004 | D:3      | 3004 ||| FLEEEEING.
  3005 | D:3      | 3005 ||| FLEEEEING.
  3006 | D:3      | 3006 ||| FLEEEEING.
  3007 | D:3      | 3007 ||| FLEEEEING.
  3008 | D:3      | 3008 ||| FLEEEEING.
  3009 | D:3      | 3009 ||| FLEEEEING.
  3010 | D:3      | 3010 ||| FLEEEEING.
  3011 | D:3      | 3011 ||| FLEEEEING.
  3012 | D:3      | 3012 ||| FLEEEEING.
  3013 | D:3      | 3013 ||| FLEEEEING.
  3014 | D:3      | 3014 ||| FLEEEEING.
  3015 | D:3      | 3015 ||| FLEEEEING.
  3016 | D:3      | 3016 ||| FLEEEEING.
  3017 | D:3      | 3017 ||| FLEEEEING.
  3018 | D:3      | 3018 ||| FLEEEEING.
  3019 | D:3      | 3019 ||| FLEEEEING.
  3020 | D:3      | 3020 ||| FLEEEEING.
  3021 | D:3      | 3021 ||| FLEEEEING.
  3022 | D:3      | 3022 ||| FLEEEEING.
  3023 | D:3      | 3023 ||| FLEEEEING.
  3024 | D:3      | 3024 ||| FLEEEEING.
  3025 | D:3      | 3025 ||| FLEEEEING.
  3026 | D:3      | 3026 ||| FLEEEEING.
  3027 | D:3      | 3027 ||| FLEEEEING.
  3040 | D:3      | 3040 ||| FLEEEEING.
  3041 | D:3      | 3041 ||| FLEEEEING.
  3042 | D:3      | 3042 ||| FLEEEEING.
  3043 | D:3      | 3043 ||| FLEEEEING.
  3044 | D:3      | 3044 ||| FLEEEEING.
  3045 | D:3      | 3045 ||| FLEEEEING.
  3046 | D:3      | 3046 ||| FLEEEEING.
  3050 | D:3      | 3050 ||| STAIRDANCE
  3378 | D:3      | Reached skill level 6 in Axes
  3653 | D:3      | 3653 ||| SWAPPING to +0 hand axe of flaming.
  3654 | D:3      | 3654 ||| DROPPING +0 whip.
  3655 | D:3      | 3655 ||| DROPPING +0 hand axe.
  3822 | D:3      | Found a faded altar of an unknown god.
  4258 | D:3      | 4258 ||| UPGRADING to +0 scale mail.
  4268 | D:3      | 4268 ||| DROPPING +0 leather armour.
  4269 | D:3      | 4269 ||| UPGRADING to +0 cloak.
  4274 | D:3      | 4274 ||| UPGRADING to +1 ring mail of fire resistance.
  4284 | D:3      | 4284 ||| DROPPING +0 scale mail.
  4285 | D:3      | 4285 ||| UPGRADING to +0 chain mail.
  4295 | D:3      | 4295 ||| READING scroll of enchant armour.
  4295 | D:3      | 4295 ||| ENCHANTING +0 cloak.
  4296 | D:3      | 4296 ||| DRINKING 2 green potions.
  4297 | D:3      | 4297 ||| DRINKING 2 smoky yellow potions.
  4298 | D:3      | 4298 ||| DROPPING potion of flight.
  4363 | D:4      | Reached XP level 6. HP: 38/38 MP: 10/10
  4367 | D:4      | 4367 ||| Stepping ~*~*~tactically~*~*~ (stealth).
  4376 | D:4      | 4376 ||| Stepping ~*~*~tactically~*~*~ (stealth).
  4399 | D:4      | 4399 ||| FLEEEEING.
  4401 | D:4      | 4401 ||| STAIRDANCE
  4537 | D:4      | 4537 ||| Stepping ~*~*~tactically~*~*~ (stealth).
  4542 | D:4      | 4542 ||| Stepping ~*~*~tactically~*~*~ (hiding).
  4543 | D:4      | 4543 ||| Stepping ~*~*~tactically~*~*~ (hiding).
  4550 | D:4      | Reached skill level 7 in Axes
  4552 | D:4      | 4552 ||| Stepping ~*~*~tactically~*~*~ (hiding).
  4571 | D:4      | HP: 9/39 [something (1)]
  4573 | D:4      | Reached skill level 3 in Fighting
  4845 | D:4      | 4845 ||| Stepping ~*~*~tactically~*~*~ (stealth).
  4846 | D:4      | 4846 ||| Stepping ~*~*~tactically~*~*~ (stealth).
  4854 | D:4      | 4854 ||| Stepping ~*~*~tactically~*~*~ (hiding).
  4863 | D:4      | Reached XP level 7. HP: 45/45 MP: 11/11
  4888 | D:4      | 4888 ||| Stepping ~*~*~tactically~*~*~ (stealth).
  4889 | D:4      | 4889 ||| Stepping ~*~*~tactically~*~*~ (stealth).
  4933 | D:4      | Reached skill level 8 in Axes
  4950 | D:4      | 4950 ||| Stepping ~*~*~tactically~*~*~ (stealth).
  5177 | D:4      | 5177 ||| READING scroll of enchant armour.
  5177 | D:4      | 5177 ||| ENCHANTING +1 cloak.
  5354 | D:4      | Found a blossoming altar of Fedhas.
  5355 | D:4      | 5355 ||| READING scroll labelled OGEIRIOH HESY.
  5377 | D:5      | Entered Level 5 of the Dungeon
  5409 | D:5      | Reached skill level 3 in Armour
  5540 | D:5      | Noticed Prince Ribbit
  5547 | D:5      | HP: 8/45 [Prince Ribbit (12)]
  5548 | D:5      | 5548 ||| READING 6 scrolls of teleportation.
  5549 | D:5      | 5549 ||| DRINKING 5 potions of heal wounds.
  5564 | D:5      | Killed Prince Ribbit
  5565 | D:5      | Reached XP level 8. HP: 16/50 MP: 12/12
  5792 | D:5      | 5792 ||| Stepping ~*~*~tactically~*~*~ (cloud).
  5811 | D:5      | HP: 5/50 [steam dragon (9)]
  5812 | D:5      | 5812 ||| READING 5 scrolls of teleportation.
  5812 | D:5      | Engulfed by a steam dragon's steam

Levels and vault maps discovered:
D:1:      dpeg_arrival_renting, layout_basic
D:2:      layout_loops_ring, uniq_natasha, uniq_crazy_yiuf_cottage
D:3:      layout_basic, shapermc_ecumenical_altar_ellora,
          dreamdust_princess_corridor
D:4:      layout_cave_pools, kennysheep_mini, serial_park_tiny_pond
D:5:      layout_layer_cave, overflow_temple_1_default, uniq_prince_ribbit1

Skill      XL: |  1  2  3  4  5  6  7 |
---------------+----------------------+-----
Axes           | 3 4 5 6 7 8 |  8.9
Armour         | 2 3 |  3.5
Fighting       | 3 |  3.1
Throwing       | |  1.0
Dodging        | |  2.1
Spellcasting   | |  2.0
Translocations | |  2.4

Action                   |  1- 3 |  4- 6 |  7- 9 || total
-------------------------+-------+-------+-------++-------
Melee: Hand axe          |    68 |   179 |    50 ||   297
       Kick              |    14 |    42 |    12 ||    68
       Peck              |    10 |    30 |     8 ||    48
       Punch             |       |     3 |     3 ||     6
Throw: Boomerang         |     7 |     1 |       ||     8
  Use: Scroll            |     6 |     2 |     4 ||    12
       Potion            |     1 |     3 |     1 ||     5
Armor: Leather armour    |    15 |    17 |       ||    32
       Chain mail        |       |    26 |    31 ||    57
Dodge: Dodged            |    27 |    98 |    11 ||   136

Table legend:
 A = Non-vault XP
 B = Vault XP
 C = Vault XP percentage of total XP
 D = Non-vault monster count
 E = Vault monster count
 F = Vault count percentage of total count
                 A         B        C        D         E       F
            +---------+---------+-------+---------+---------+-------
      Total |     946 |     309 |  24.6 |      99 |       2 |   2.0
            +---------+---------+-------+---------+---------+-------
        D:1 |      47 |       0 |   0.0 |      26 |       0 |   0.0
        D:2 |     119 |      35 |  22.7 |      23 |       1 |   4.2
        D:3 |      73 |       0 |   0.0 |      28 |       0 |   0.0
        D:4 |     568 |       0 |   0.0 |      20 |       0 |   0.0
        D:5 |     139 |     274 |  66.3 |       2 |       1 |  33.3
            +---------+---------+-------+---------+---------+-------
